 Dungeon Sprint DCSS version 0.28.0-53-g5a82cb258f (webtiles) character file.

Game seed: 1757405514769797495

7400000 Zeld the Conqueror (level 27, -3/228 HPs)
             Began as a Djinni Monk on June 5, 2022.
             Was the Champion of Makhleb.
             Slain by a meat beast (14 damage)
             ... in the Dungeon (Sprint VIII: "Arena of Blood").
             The game lasted 00:02:30 (74 turns).

Zeld the Conqueror (Djinni Monk)                      Turns: 74, Time: 00:02:31

Health: -3/228     AC:  4    Str: 20    XL:     27
Gold:   0          EV: 30    Int: 14    God:    Makhleb [******] SH:  0 Dex: 18

rFire   + + .      SeeInvis .   g - +∞ Axe of Woe
rCold   x . .      Faith    .   (shield currently unavailable)
rNeg    . . .      Spirit   .   a - +0 robe
rPois   ∞          Reflect  .   (no helmet)
rElec   .          Harm     .   (no cloak)
rCorr   .          Rampage  .   (no gloves)
Will    ++...      NoTele   +   (boots unavailable)
Stlth   ++++......              (no amulet)
HPRegen 0.48/turn               (no ring)
MPRegen 0.00/turn               (no ring)

@: on death's door cooldown, flying
A: sickness immunity, fire resistance 2, cold vulnerability 1, float, innate
caster, HP casting, extra vitality 1
a: Renounce Religion, Minor Destruction, Lesser Servant of Makhleb, Major
Destruction, Greater Servant of Makhleb


You were in the Dungeon.
You worshipped Makhleb.
Makhleb was exalted by your worship.
You visited 1 branch

Inventory:

Hand Weapons
 g - the +∞ Axe of Woe (weapon)
   (You found it in the Dungeon)
Armour
 a - a +0 robe (worn)
Scrolls
 f - a scroll of blinking
Potions
 b - a potion of curing
 d - a potion of haste
 e - a potion of berserk rage


   Skills:
 O Level 27 Fighting
 O Level 27 Short Blades
 O Level 27 Long Blades
 O Level 27 Axes
 O Level 27 Maces & Flails
 O Level 27 Polearms
 O Level 27 Staves
 O Level 27 Slings
 O Level 27 Bows
 O Level 27 Crossbows
 O Level 27 Throwing
 O Level 27 Armour
 O Level 27 Dodging
 * Level 9.2 Stealth
 O Level 27 Shields
 + Level 8.0 Unarmed Combat
 O Level 27 Spellcasting
 O Level 27 Invocations
 O Level 27 Evocations


You had 7 spell levels left.
You knew the following spells:

 Your Spells              Type           Power      Damage    Failure   Level
a - Sandblast             Erth           100%       2d20      0%          1
b - Wereblood             Tmut           76%        N/A       0%          2
c - Conjure Flame         Conj/Fire      76%        6-21      0%          3
d - Ice Form              Ice/Tmut       76%        N/A       0%          4
e - Manifold Assault      Tloc           76%        N/A       0%          5
f - Agony                 Necr           76%        N/A       0%          5
g - Statue Form           Tmut/Erth      50%        N/A       0%          6
h - Enfeeble              Hex            38%        N/A       1%          7
i - Dragon Form           Tmut           38%        N/A       1%          7
j - Orb of Destruction    Conj           38%        9d11      1%          7
k - Maxwell's Capacitive  Air            38%        ∞         1%          8
l - Fire Storm            Conj/Fire      38%        8d10      2%          9
m - Death's Door          Necr           38%        N/A       2%          9
Your spell library was empty.

Dungeon Overview and Level Annotations

Branches:
Dungeon (1/1)

Altars:
Makhleb


Innate Abilities, Weirdness & Mutations

You are immune to sickness and miasma.
You are immune to poison.
Your flesh is very heat resistant. (rF++)
You are vulnerable to cold. (rC-)
You float through the air rather than walking.
You learn spells naturally, not from books.
Your magical power is your life essence.
You have superior vitality. (+4 MHP)


Message History

Your body is wracked with pain!
The bag of meat convulses! x4
A dread comes into view.
You hear a shout!
You have mastered Slings!
You have mastered Bows!
You have mastered Crossbows!
You have mastered Throwing!
You need to enable at least one skill for training.
Your Unarmed Combat skill gained 4 levels and is now at level 7!
The meat beast appears out of thin air!
A meat beast comes into view.
The meat beast hisses angrily.
You hear a shout! x9
The dread calls on the powers of darkness!
The bag of meat convulses! x2; Your body is wracked with pain!
The meat berserker convulses!
The bag of meat convulses!
You hear a shout!
Items here: ))) === †††.
Unknown command.
You are too injured to fight recklessly!
Unknown command.
Unknown command.
You slice the sculptor of flesh!!
You slaughter the sculptor of flesh joyfully.
You destroy the sculptor of flesh!
Makhleb accepts your kill.
Your life is in your own hands again!
You hear a shout! x6
Your Stealth skill gained 8 levels and is now at level 9!
Your Unarmed Combat skill increases to level 8!
Unknown command.
Unknown command.
Unknown command.
Okay, then.
You feel much better.
The eight-headed meat hydra appears out of thin air!
An eight-headed meat hydra comes into view.
The eight-headed meat hydra roars!
You hear a shout!
The meat beast is engulfed in blazing flames.
The meat beast bites you!
* * * LOW HITPOINT WARNING * * *
The meat beast tramples you!
You die... .. ..oD .) .)) #. oO#

#.) )o# . )###.)
..###).
)...).###o.)).).
......._)))W....
....#..@O)#§...
. #_§2o_# .
#..o§.#
.MW.)○○....
))....###)...))
)###.. ..###)
#.. ○°# #). .)#
)) §☼


You could see an accursed, a meat beast (fast), an eight-headed meat hydra, 2
dreads, 2 meat berserkers and 5 bags of meat.

Vanquished Creatures
  A hell beast (D)
  A royal mummy (D)
  Harold (D)
  8 vampire knights (D)
  24 ogres (D)
  4 two-headed ogres (D)
  2 liches (D)
  A hydra (D)
  44 orcs (D)
  6 skeletal warriors (D)
92 creatures vanquished.

Notes
Turn   | Place    | Note
-------+----------+-------------------------------------------
     0 | D        | Found the +∞ Axe of Woe
     0 | D        | Zeld the Djinni Monk began the quest for the Orb.
     0 | D        | Reached XP level 1. HP: 20/20 MP: 0/0
     1 | D        | Noticed a bag of meat
     3 | D        | Became a worshipper of Makhleb the Destroyer
     3 | D        | Reached * piety under Makhleb
     3 | D        | Reached ** piety under Makhleb
     5 | D        | Noticed a bag of meat
     5 | D        | Noticed a bag of meat
     5 | D        | Noticed a meat berserker
     5 | D        | Noticed a bag of meat
     5 | D        | Noticed a bag of meat
     6 | D        | Killed a bag of meat
     7 | D        | Reached XP level 2. HP: 40/40 MP: 0/0
     7 | D        | Reached XP level 3. HP: 45/45 MP: 0/0
     7 | D        | Learned a level 1 spell: Sandblast
     7 | D        | Reached XP level 4. HP: 51/51 MP: 0/0
     7 | D        | Reached XP level 5. HP: 57/57 MP: 0/0
     7 | D        | Learned a level 2 spell: Wereblood
     7 | D        | Reached XP level 6. HP: 63/63 MP: 0/0
     7 | D        | Reached XP level 7. HP: 68/68 MP: 0/0
     7 | D        | Learned a level 3 spell: Conjure Flame
     7 | D        | Reached XP level 8. HP: 75/75 MP: 0/0
     7 | D        | Reached XP level 9. HP: 80/80 MP: 0/0
     7 | D        | Learned a level 4 spell: Ice Form
     7 | D        | Reached XP level 10. HP: 86/86 MP: 0/0
     7 | D        | Reached XP level 11. HP: 92/92 MP: 0/0
     7 | D        | Learned a level 5 spell: Manifold Assault
     8 | D        | Killed a meat berserker
     8 | D        | Killed a bag of meat
     8 | D        | Noticed a bag of meat
     9 | D        | Reached skill level 15 in Invocations
     9 | D        | Reached XP level 12. HP: 95/106 MP: 0/0
     9 | D        | Reached XP level 13. HP: 100/112 MP: 0/0
     9 | D        | Learned a level 5 spell: Agony
     9 | D        | Killed a bag of meat
     9 | D        | Reached *** piety under Makhleb
     9 | D        | Killed a bag of meat
     9 | D        | Killed a bag of meat
     9 | D        | Noticed a meat berserker
    10 | D        | Reached XP level 14. HP: 124/124 MP: 0/0
    10 | D        | Noticed a bag of meat
    10 | D        | Noticed a bag of meat
    11 | D        | Noticed a bag of meat
    11 | D        | Killed a bag of meat
    11 | D        | Reached **** piety under Makhleb
    11 | D        | Killed a bag of meat
    11 | D        | Killed a bag of meat
    11 | D        | Noticed a bag of meat
    12 | D        | Reached skill level 15 in Spellcasting
    12 | D        | Reached XP level 15. HP: 133/133 MP: 0/0
    12 | D        | Learned a level 6 spell: Statue Form
    12 | D        | Killed a meat berserker
    12 | D        | Reached ***** piety under Makhleb
    12 | D        | Noticed a meat berserker
    13 | D        | Reached XP level 16. HP: 143/143 MP: 0/0
    13 | D        | Killed a meat berserker
    13 | D        | Noticed a meat berserker
    14 | D        | Reached XP level 17. HP: 152/152 MP: 0/0
    14 | D        | Learned a level 7 spell: Enfeeble
    14 | D        | Noticed a meat berserker
    16 | D        | Killed a meat berserker
    16 | D        | Killed a meat berserker
    17 | D        | Reached XP level 18. HP: 156/161 MP: 0/0
    17 | D        | Reached ****** piety under Makhleb
    20 | D        | Noticed a meat berserker
    22 | D        | Killed a meat berserker
    22 | D        | Noticed a large bag of meat
    23 | D        | Reached XP level 19. HP: 171/171 MP: 0/0
    23 | D        | Learned a level 7 spell: Dragon Form
    23 | D        | Killed a large bag of meat
    23 | D        | Noticed a meat berserker
    24 | D        | Noticed a destroyer
    24 | D        | Killed a meat berserker
    24 | D        | Killed a destroyer
    24 | D        | Noticed a meat berserker
    25 | D        | Reached skill level 27 in Fighting
    25 | D        | Reached skill level 27 in Axes
    25 | D        | Reached skill level 27 in Spellcasting
    25 | D        | Reached skill level 27 in Invocations
    25 | D        | Reached XP level 20. HP: 181/181 MP: 0/0
    25 | D        | Killed a meat berserker
    25 | D        | Noticed a meat berserker
    26 | D        | Reached skill level 27 in Dodging
    26 | D        | Killed a meat berserker
    27 | D        | Reached skill level 5 in Short Blades
    27 | D        | Reached skill level 5 in Long Blades
    27 | D        | Reached skill level 5 in Maces & Flails
    27 | D        | Reached skill level 5 in Polearms
    27 | D        | Reached skill level 5 in Staves
    27 | D        | Reached skill level 5 in Armour
    27 | D        | Reached skill level 5 in Shields
    27 | D        | Reached skill level 5 in Evocations
    27 | D        | Noticed The Servant
    27 | D        | Noticed a meat berserker
    27 | D        | Noticed a large bag of meat
    28 | D        | Reached skill level 5 in Slings
    28 | D        | Reached skill level 5 in Bows
    28 | D        | Reached skill level 5 in Crossbows
    28 | D        | Reached skill level 5 in Throwing
    28 | D        | Killed a meat berserker
    28 | D        | Killed The Servant
    28 | D        | Killed a large bag of meat
    28 | D        | Noticed a meat berserker
    29 | D        | Reached skill level 10 in Maces & Flails
    29 | D        | Reached skill level 10 in Polearms
    29 | D        | Reached skill level 10 in Staves
    29 | D        | Reached XP level 21. HP: 187/187 MP: 0/0
    29 | D        | Learned a level 7 spell: Orb of Destruction
    29 | D        | Killed a meat berserker
    30 | D        | Reached skill level 10 in Slings
    30 | D        | Reached skill level 10 in Bows
    30 | D        | Reached skill level 10 in Crossbows
    30 | D        | Reached skill level 10 in Throwing
    30 | D        | Reached XP level 22. HP: 194/194 MP: 0/0
    30 | D        | Noticed a destroyer
    30 | D        | Noticed a destroyer
    31 | D        | Killed a destroyer
    31 | D        | Killed a destroyer
    33 | D        | Noticed a meat berserker
    35 | D        | Reached skill level 15 in Armour
    35 | D        | Reached skill level 15 in Shields
    35 | D        | Reached skill level 15 in Evocations
    35 | D        | Killed a meat berserker
    36 | D        | Reached skill level 15 in Short Blades
    36 | D        | Reached skill level 15 in Long Blades
    36 | D        | Reached XP level 23. HP: 201/201 MP: 0/0
    36 | D        | Learned a level 8 spell: Maxwell's Capacitive Coupling
    36 | D        | Noticed a destroyer
    36 | D        | Killed a destroyer
    37 | D        | Reached skill level 15 in Maces & Flails
    37 | D        | Reached skill level 15 in Polearms
    37 | D        | Reached skill level 15 in Staves
    41 | D        | Reached skill level 15 in Slings
    41 | D        | Reached skill level 15 in Bows
    41 | D        | Reached skill level 15 in Crossbows
    41 | D        | Reached skill level 15 in Throwing
    42 | D        | Reached XP level 24. HP: 208/208 MP: 0/0
    47 | D        | Noticed a tyrant
    48 | D        | Killed a tyrant
    51 | D        | Noticed a destroyer
    51 | D        | Noticed an accursed
    52 | D        | Killed an accursed
    52 | D        | Killed a destroyer
    53 | D        | Reached XP level 25. HP: 196/214 MP: 0/0
    53 | D        | Learned a level 9 spell: Fire Storm
    53 | D        | Noticed a destroyer
    53 | D        | Noticed a destroyer
    53 | D        | Noticed a large bag of meat
    54 | D        | Reached XP level 26. HP: 197/221 MP: 0/0
    54 | D        | Killed a destroyer
    55 | D        | Killed a large bag of meat
    56 | D        | Killed a destroyer
    56 | D        | Noticed a large bag of meat
    56 | D        | Noticed a destroyer
    57 | D        | Reached XP level 27. HP: 228/228 MP: 0/0
    57 | D        | Learned a level 9 spell: Death's Door
    57 | D        | Noticed a tyrant
    61 | D        | Killed a destroyer
    61 | D        | Noticed a meat beast
    64 | D        | Killed a large bag of meat
    64 | D        | Killed a meat beast
    65 | D        | Noticed a dread
    65 | D        | Noticed an accursed
    67 | D        | Reached skill level 27 in Armour
    67 | D        | Reached skill level 27 in Shields
    67 | D        | Reached skill level 27 in Evocations
    67 | D        | Killed a tyrant
    68 | D        | Reached skill level 27 in Short Blades
    68 | D        | Reached skill level 27 in Long Blades
    69 | D        | Reached skill level 27 in Staves
    70 | D        | Reached skill level 27 in Maces & Flails
    70 | D        | Reached skill level 27 in Polearms
    71 | D        | Noticed a meat beast
    71 | D        | Noticed a dread
    72 | D        | Reached skill level 27 in Slings
    72 | D        | Reached skill level 27 in Bows
    72 | D        | Reached skill level 27 in Crossbows
    72 | D        | Reached skill level 27 in Throwing
    72 | D        | Noticed a meat beast
    74 | D        | HP: 11/228 [meat beast (12)]
    74 | D        | Slain by a meat beast

Illustrated notes

Levels and vault maps discovered:
D:        meatsprint

Skill      XL: |  1  2  3  4  5  6  7  8  9 10 11 12 13 14 15 16 17 18 19 20 21 22 23 24 25 26 27 |
---------------+----------------------------------------------------------------------------------+-----
Fighting       | 13 17 19 21 22 23 24 26 27 | 27.0
Axes           | 9 12 14 16 18 21 23 25 27 | 27.0
Dodging        | 13 17 19 20 21 22 23 24 27 | 27.0
Spellcasting   | 8 12 13 15 17 19 20 23 27 | 27.0
Invocations    | 11 15 17 19 20 22 23 25 27 | 27.0
Short Blades   | 11 12 15 17 21 22 24 27 | 27.0
Long Blades    | 11 12 15 17 21 22 24 27 | 27.0
Maces & Flails | 10 11 14 16 19 20 22 27 | 27.0
Polearms       | 10 11 14 16 19 20 22 27 | 27.0
Staves         | 10 11 14 16 20 22 27 | 27.0
Slings         | 9 10 13 15 18 19 21 27 | 27.0
Bows           | 9 10 13 15 18 19 21 27 | 27.0
Crossbows      | 9 10 13 15 18 19 21 27 | 27.0
Throwing       | 9 10 13 15 18 19 21 27 | 27.0
Armour         | 11 12 16 18 21 22 24 27 | 27.0
Shields        | 11 12 16 18 21 22 24 27 | 27.0
Evocations     | 11 12 16 18 21 22 24 27 | 27.0
Unarmed Combat | 8 |  8.0
Stealth        | 9 |  9.2

Action                   |  1- 3 |  4- 6 |  7- 9 | 10-12 | 13-15 | 16-18 | 19-21 | 22-24 | 25-27 || total
-------------------------+-------+-------+-------+-------+-------+-------+-------+-------+-------++-------
Melee: Executioner's axe |     1 |       |       |     2 |     9 |    10 |    14 |    24 |    22 ||    82
 Cast: Manifold Assault  |       |       |       |     1 |     3 |     6 |     7 |    14 |     4 ||    35
       Death's Door      |       |       |       |       |       |       |       |       |     1 ||     1
  Use: Potion            |       |       |       |       |       |       |       |       |     1 ||     1
Dodge: Dodged            |       |       |       |       |       |       |       |       |     2 ||     2
